 Dungeon Crawl Stone Soup version 0.15-a0-1373-g9317ecd (webtiles) character file.

179 Bloax the Ruffian (level 5, 0/46 HPs)
             Began as a Minotaur Monk on June 13, 2014.
             Slain by an orc wizard
             ... wielding a +0,+0 dagger
              (4 damage)
             ... on Level 5 of the Dungeon.
             The game lasted 00:04:28 (801 turns).

Bloax the Ruffian (Minotaur Monk)                    Turns: 801, Time: 00:04:28

HP   0/46        AC  2     Str 15      XL: 5   Next: 32%
MP   2/2         EV 14     Int  7      God:
Gold 52          SH  0     Dex 14      Spells:  0 memorised,  4 levels left

rFire  . . .     SeeInvis +     c - +1 lajatang
rCold  . . .     Clarity  .     a - +0 robe
rNeg   . . .     rCorr    .     (no shield)
rPois  .         rRot     .     (helmet restricted)
rElec  .         Spirit   .     (no cloak)
SustAb .         Warding  .     (no gloves)
rMut   .         Stasis   .     (no boots)
Gourm  .                        (no amulet)
MR     .....                    (no ring)
                                k - ring of see invisible

@: not resistant to hostile enchantments, unstealthy
A: retaliatory headbutt, horns 2
a: no special abilities


You were on level 5 of the Dungeon.
You were very full.

You visited 1 branch of the dungeon, and saw 5 of its levels.

You collected 52 gold pieces.


Innate Abilities, Weirdness & Mutations

You reflexively headbutt those who attack you in melee.
You have a pair of horns on your head.


   Skills:
 + Level 3.9 Fighting
 * Level 2.6 Staves
 - Level 4.8 Dodging
 - Level 1.5 Stealth
 - Level 5.5 Unarmed Combat


You had 4 spell levels left.
You didn't know any spells.

Dungeon Overview and Level Annotations

Branches:
Dungeon (5/15)
 Temple: D:4-7

Altars:
Fedhas
Nemelex Xobeh
Okawaru
Qazlal

Shops:
D:4 (

Annotations:
D:4 Eustachio

Inventory:

Hand weapons
 c - a +1,+1 lajatang (weapon)
   (You found it on level 4 of the Dungeon)
Armour
 a - a +0 robe (worn)
Comestibles
 b - a bread ration
 f - a fruit
Scrolls
 d - 4 scrolls of remove curse {unknown}
 i - a scroll of noise {unknown}
 j - a scroll of random uselessness
Jewellery
 k - a ring of see invisible (left hand)
   (You found it on level 4 of the Dungeon)
Books
 e - a book of Control
   (You found it on level 5 of the Dungeon)

   Spells                             Type                      Level
   Control Teleport                   Charms/Translocation         4
   Control Undead                     Necromancy                   4
   Enslavement                        Hexes                        4
   Metabolic Englaciation             Hexes/Ice                    5
   Mass Confusion                     Hexes                        6

###### ############
.....####..........#
.<...##............#
.....#..#..........#
.....#.##..........#
.......##..........#
.....####..........#
.....# ########.###
.....# ####@# .)...#
#..oo# #.####
##.#### ..# #..# ###
#o## #.# .o. ....o
.......


You could see an orc wizard and an orc.


Message History

Your Staves skill increases to level 2!
You have reached level 5!
e - a book of Control
Okay, then.
An orc comes into view. It is wielding a hand axe.
The orc shouts! 2 orc wizards come into view.
The orc wizard shouts! 2 orcs come into view.
You barely miss the orc. You headbutt the orc.
The orc is severely wounded.
The orc hits you with a hand axe.
You slash the orc!
You kill the orc!
You completely miss the orc wizard.
The orc wizard unwields an uncursed dagger.
The orc wizard drops an uncursed dagger.
The orc wizard picks up a hand axe.
The orc wizard wields a hand axe.
The orc wizard hits you with a hand axe.
You miss the orc wizard.
The orc wizard hits you with a hand axe.
You closely miss the orc wizard.
The orc wizard points at you and mumbles some strange words.
You resist.
You closely miss the orc wizard.
The orc wizard hits you with a hand axe.
You barely miss the orc wizard.
The orc wizard hits you with a hand axe.
* * * LOW HITPOINT WARNING * * *
You miss the orc wizard. You headbutt the orc wizard.
The orc wizard is moderately wounded.
The orc wizard mumbles some strange words.
The orc wizard seems to speed up.
You closely miss the orc wizard. You headbutt the orc wizard.
The orc wizard is severely wounded.
The orc wizard hits you with a hand axe!
* * * LOW HITPOINT WARNING * * *
The orc wizard points at you and mumbles some strange words.
The magic dart hits you!
* * * LOW HITPOINT WARNING * * *
You aren't carrying any potions.
You closely miss the orc wizard.
The orc wizard is severely wounded.
The orc wizard closely misses you.
You barely miss the orc wizard.
The orc wizard is severely wounded.
The orc wizard barely misses you. The orc wizard closely misses you.
You furiously retaliate!
You headbutt the orc wizard. You slash the orc wizard!
You kill the orc wizard!
The orc wizard shouts!
Items here: %% )) [[ That item cannot be evoked!
Read which item? (? for menu, Esc to quit)
As you read the scroll labeled UGEVOAMETS, it crumbles to dust.
You smell fire and brimstone.
It was a scroll of random uselessness.
The orc wizard hits you with a dagger.
* * * LOW HITPOINT WARNING * * *
Read which item? (? for menu, Esc to quit)
As you read the scroll labeled KUUNUI BUHUHAP, it crumbles to dust.
It is a scroll of enchant weapon II.
Enchant which weapon? (? for menu, Esc to quit)
Your +0,+0 lajatang glows red for a moment.
Read which item? (? for menu, Esc to quit)
As you read the scroll labeled PHEYHE SOKKUI, it crumbles to dust.
It is a scroll of enchant weapon I.
Enchant which weapon? (? for menu, Esc to quit)
Your +0,+1 lajatang glows green for a moment.
The orc wizard hits you with a dagger.
You die...

Action                   |  1- 3 |  4- 6 || total
-------------------------+-------+-------++-------
Melee: Unarmed           |    55 |     6 ||    61
       Lajatang          |       |    27 ||    27
  Use: Potion            |       |     2 ||     2
       Scroll            |       |     3 ||     3

Vault maps used:
D:1:      dpeg_arrival_brainrot
D:2:      nemelex_xobeh_ov_fountains_minmay, okawaru_altar_gauntlet_db
D:3:      minitemple, uniq_sigmund
D:4:      serial_shops, nicolae_shop_crystal, first_bread, uniq_eustachio
D:5:      kennysheep_little_box, serial_park_tiny_2, uniq_menkaure

Notes
Turn   | Place    | Note
--------------------------------------------------------------
     0 | D:1      | Bloax, the Minotaur Monk, began the quest for the Orb.
     0 | D:1      | Reached XP level 1. HP: 19/19 MP: 1/1
    72 | D:2      | Found a sparkling altar of Nemelex Xobeh.
   160 | D:2      | Reached XP level 2. HP: 24/26 MP: 1/1
   191 | D:3      | Reached skill level 4 in Dodging
   193 | D:3      | Found a stormy altar of Qazlal.
   195 | D:3      | Found a blossoming altar of Fedhas.
   199 | D:3      | Found an iron altar of Okawaru.
   270 | D:3      | Reached XP level 3. HP: 31/31 MP: 2/2
   345 | D:4      | Reached skill level 5 in Unarmed Combat
   350 | D:4      | Noticed Bloax's ghost (weakling GrMo)
   356 | D:4      | Found Amoetouch's Weapon Boutique.
   394 | D:4      | HP: 4/31 [Bloax's ghost (11)]
   423 | D:4      | HP: 3/31 [Bloax's ghost (7)]
   424 | D:4      | Killed Bloax's ghost
   424 | D:4      | Reached XP level 4. HP: 3/39 MP: 2/2
   477 | D:4      | HP: 8/39 [worker ant (8)]
   646 | D:4      | Noticed Eustachio
   646 | D:4      | Noticed a scorpion
   740 | D:5      | Entered Level 5 of the Dungeon
   746 | D:5      | Reached skill level 1 in Staves
   757 | D:5      | Reached skill level 2 in Staves
   757 | D:5      | Reached XP level 5. HP: 32/46 MP: 2/2
   794 | D:5      | HP: 6/46 [orc wizard/magic dart (6)]
   799 | D:5      | HP: 4/46 [orc wizard/dagger (4)]
   801 | D:5      | Slain by an orc wizard

Vanquished Creatures
  The ghost of Bloax the Insei, a weakling GrMo (D:4)
  A crimson imp (D:5)
  An orc wizard (D:5)
  A worker ant (D:4)
  3 adders
  A worm (D:4)
  2 oozes
  An orc (D:5)
  5 hobgoblins
  4 jackals
  3 bats
  2 kobolds
25 creatures vanquished.
